 Dungeon Crawl Stone Soup version 0.27.1-16-g815e20cd7a (webtiles) character file.

Game seed: 15033533182270744213

15 Descartes the Sneak (level 2, 0/14 HPs)
             Began as a Felid Delver on Nov 22, 2021.
             Succumbed to an adder's poison
             ... on level 2 of the Dungeon.
             The game lasted 00:01:40 (466 turns).

Descartes the Sneak (Felid Delver)                   Turns: 466, Time: 00:01:40

Health: 0/14       AC:  1    Str:  8    XL:     2   Next: 34%
Magic:  3/3        EV: 17    Int: 11    God:
Gold:   48         SH:  0    Dex: 17    Spells: 1/1 levels left
                                        Lives:  0   Deaths: 0

rFire    . . .     SeeInvis +     - Unarmed
rCold    . . .     Faith    .   (shield unavailable)
rNeg     . . .     Spirit   .   (armour unavailable)
rPois    .         Reflect  .   (helmet unavailable)
rElec    .         Harm     .   (cloak unavailable)
rCorr    .         Rampage  .   (gloves unavailable)
Will     .....                  (boots unavailable)
Stlth    ++++......             (no amulet)
HPRegen  0.04/turn              (no ring)
MPRegen  0.08/turn              (no ring)

@: lethally poisoned (0 -> -7), quick
A: very small, claws 1, fangs 3, see invisible, speed 1, shaggy fur 1, stealthy
paws, no weapons or thrown items, no armour, multi-lived
a: no special abilities


You were on level 2 of the Dungeon.
You visited 1 branch of the dungeon, and saw 4 of its levels.

You collected 48 gold pieces.

Inventory:

Wands
 e - a wand of digging (3)
Scrolls
 a - a scroll of fog
 b - 2 scrolls of magic mapping
 c - a scroll of fear
 f - a scroll of vulnerability {unknown}
 h - a scroll of enchant weapon {unknown}
 j - a scroll of teleportation {unknown}
Potions
 d - a potion of haste
 g - a potion of attraction {unknown}
 i - a potion of lignification {unknown}


   Skills:
 - Level 3.0 Fighting
 + Level 2.7 Dodging
 + Level 7.4 Stealth
 + Level 2.0 Unarmed Combat


You had one spell level left.
You didn't know any spells.
Your spell library was empty.

Dungeon Overview and Level Annotations

Branches:
Dungeon (5/15)
 Temple: D:4-7

Altars:


Innate Abilities, Weirdness & Mutations

You have sharp claws.
You have razor-sharp teeth.
You have supernaturally acute eyesight. (SInv)
You cover ground quickly. (Speed+)
You are covered in fur. (AC +1)
Your paws help you pounce on unaware monsters.
You are incapable of wielding weapons or throwing items.
You cannot wear armour.
You gain extra lives every three experience levels.


Message History

You kill the hobgoblin!
No target in view!
No target in view!
HP restored.
Found a stone staircase leading up.
There is a stone staircase leading up here.
You climb upwards.
Found a stone staircase leading up.
There is a stone staircase leading down here.
There is a stone staircase leading up here.
You climb upwards.
Found a scroll labelled UCISCH SOSSYERCH and 5 gold pieces.
Found a stone staircase leading up.
There is a stone staircase leading down here.
The adder barely misses you.
You closely miss the adder. The adder barely misses you.
The adder closely misses you.
You scratch the adder. Your bite misses the adder.
The adder is moderately wounded.
The adder closely misses you.
You closely miss the adder.
The adder is moderately wounded.
The adder bites you.
You scratch the adder.
The adder is severely wounded.
The adder bites you but does no damage.
You miss the adder. Your bite misses the adder.
The adder is severely wounded.
The adder bites you. x2
You are too injured to fight recklessly!
You are too injured to fight recklessly!
You miss the adder.
The adder is severely wounded.
The adder bites you.
* * * LOW HITPOINT WARNING * * *
You are lethally poisoned!
The adder poisons you!
You scratch the adder.
You kill the adder!
You die...

..#.####.# .#
..$......## .#
.......?..# .#
..........# .#
........^# .#
........# .#
+#<#.#...###.#
.......>@....#
.....#+#######
###


There were no monsters in sight!

Vanquished Creatures
  A howler monkey skeleton (D:4)
  An adder (D:2)
  3 endoplasms (D:4)
  A hobgoblin (D:4)
6 creatures vanquished.

Notes
Turn   | Place    | Note
-------+----------+-------------------------------------------
     0 | D:5      | Descartes the Felid Delver began the quest for the Orb.
     0 | D:5      | Reached XP level 1. HP: 10/10 MP: 2/2
    22 | D:5      | Noticed a phantom
   102 | D:4      | Reached skill level 7 in Stealth
   102 | D:4      | Reached XP level 2. HP: 14/14 MP: 3/3
   162 | D:4      | Noticed a black bear
   466 | D:2      | Succumbed to an adder's poison

Illustrated notes

Levels and vault maps discovered:
D:2:      layout_basic, chequers_serial_rivers_small_3, serial_bayou_lagoon_a
D:3:      cheibrodos_pilgrimage, layout_basic, general_overflow_altar,
          serial_aquarium, aquarium_bridge_square [aquarium_subvault_bridge,
          aquarium_subvault_bridge, aquarium_subvault_bridge,
          aquarium_subvault_window], aquarium_window_2, aquarium_window_2,
          aquarium_window_3, aquarium_window_1, aquarium_view_2b,
          aquarium_balcony_3a, aquarium_pool_side
D:4:      layout_loops_corners, nicolae_overflow_crystal_walls
D:5:      layout_basic, nicolae_shop_sticking_my_neck_out

Skill      XL: |  1 |
---------------+----+-----
Stealth        | 7 |  7.4
Fighting       | |  3.0
Dodging        | |  2.7
Unarmed Combat | |  2.0

Action                   || total
-------------------------++-------
Melee: Unarmed           ||    21
       Bite              ||     3
 Stab: Sleeping          ||     2
Armor: Skin              ||     2
Dodge: Dodged            ||    10
